AoeStats
← xViniB

Arabia

507690958Analyzed
4v4 RM · 13d ago on Sep 19, 2026· 7m 26s· 8 players
Game mode
Random Map
Map size
Large (8 player)
Population
200
Speed
Normal
Resources
Standard
Victory
Conquest
Starting age
Dark Age
Ending age
Imperial Age
RankedLock teamsTeams togetherTeam positionsShared explorationLock speedFull tech treeHidden civsTurbo modeCheats
Victory
Defeat
🇬🇧 Lithuanians · United Kingdom
1042
+15
🇦🇺 Franks · Australia
1009
+16
🇦🇺 Bohemians · Australia
986
+17
🇹🇷 Ethiopians · Türkiye
973
+18
🇿🇦 Britons · South Africa
1139
-21
🇿🇦 Magyars · South Africa
1039
-18
🇿🇦 Huns · South Africa
958
-14
🇿🇦 Spanish · South Africa
930
-13
kooskruger305
6:44 Loom
9:30 Feudal Age
bertieramkat
6:18 Loom
6:23 Loom
8:48 Feudal Age
kruger.hein.g
sarel.energy
6:07 Loom
xViniB
7:43 Loom
christopher.donnelly1
7:35 Loom
xXTiroNoChakraXx
Kabraxxxis
7:21 Loom
Connection lost

Rejoining the realm…

Still unreachable

The connection could not be restored.

Session expired

The server has moved on; the page needs a fresh start.